 Dungeon Crawl Stone Soup version 0.29.1-12-g30fa7ad0bf (webtiles) character file.

Game seed: 6546640019886063493

216942 DildoBatman the Peltast (level 19, -6/146 HPs)
             Began as a Formicid Conjurer on Jan 3, 2023.
             Was an Initiate of Gozag.
             Mangled by a wolf spider (22 damage)
             ... on level 3 of the Spider Nest.
             The game lasted 01:46:14 (28652 turns).

DildoBatman the Peltast (Formicid Conjurer)        Turns: 28652, Time: 01:46:15

Health: -6/146     AC: 21    Str: 11      XL:     19   Next: 80%
Magic:  25/37      EV: 13    Int: 34      God:    Gozag
Gold:   7471       SH: 18    Dex: 10 (11) Spells: 20/47 levels left

rFire   . . .      SeeInvis +   a - +8 dire flail of Instinct {protect, Int+4}
rCold   . . .      Faith    .   j - +0 tower shield
rNeg    . . .      Spirit   .   o - +3 troll leather armour
rPois   .          Reflect  .   (helmet unavailable)
rElec   .          Harm     .   u - +2 cloak {Will+}
rCorr   .          Rampage  .   N - +2 pair of gloves
Will    ++...                   T - +0 pair of boots
Stlth   ++........              m - amulet of magic regeneration
HPRegen 1.94/turn               Y - ring of flight
MPRegen 0.65/turn               h - +4 ring of protection

@: lethally poisoned (-6 -> -10), flying
A: permanent stasis, dig shafts and tunnels, antennae 3, four strong arms, claws
1, clever 1, regeneration 1
}: 1/15 runes: decaying
a: Dig, Shaft Self, Renounce Religion, Potion Petition, Call Merchant, Bribe
Branch


You were on level 3 of the Spider Nest.
You worshipped Gozag.
Gozag was greatly pleased with you.
You visited 6 branches of the dungeon, and saw 31 of its levels.
You also visited: Bailey.

You collected 8304 gold pieces.
You spent 269 gold pieces at shops.
You paid 564 gold pieces to Gozag.

Inventory:

Hand Weapons
 a - the +8 dire flail of Instinct (weapon) {protect, Int+4}
   (You found it on level 2 of the Lair of Beasts)

   It grants its wielder temporary protection when it strikes (+7 to AC).
   Int:       It affects your intelligence (+4).
 b - a +9 arbalest of freezing
 d - the +8 long sword of Xeuc Bue {vorpal, rC+ Dex+4 Stlth+}
   (You found it on level 14 of the Dungeon)

   It inflicts extra damage upon your enemies.
   Dex:       It affects your dexterity (+4).
   rC:        It protects you from cold.
   Stlth:     It makes you more stealthy.
 e - the +11 trident of Incongruity {elec, rC+ rCorr Str+4}
   (You found it on level 14 of the Dungeon)

   It occasionally discharges a powerful burst of electricity upon striking a
   foe.
   Str:       It affects your strength (+4).
   rC:        It protects you from cold.
   rCorr:     It protects you from acid and corrosion.
Missiles
 G - a throwing net
 P - 7 silver javelins
 S - 4 javelins (quivered)
Armour
 j - a +0 tower shield (worn)
 o - a +3 troll leather armour (worn)
 u - a +2 cloak of willpower (worn)
 N - a +2 pair of gloves (worn)
 T - a +0 pair of boots (worn)
Magical Staves
 s - a staff of fire
 w - a staff of earth
 U - a staff of poison
Jewellery
 f - a +4 ring of evasion
 h - a +4 ring of protection (right hand)
 m - an amulet of magic regeneration (around neck)
 D - a ring of poison resistance
 E - a +6 ring of intelligence
 L - a +6 ring of intelligence
 Q - a ring of willpower
 Y - a ring of flight (left hand)
Wands
 c - a wand of quicksilver (13)
 p - a wand of iceblast (8)
 V - a wand of mindburst (24)
Scrolls
 g - 4 scrolls of brand weapon
 n - a scroll of torment
 q - 2 scrolls of summoning
 r - 6 scrolls of fear
 z - 10 scrolls of identify
 A - a scroll of amnesia
 C - 3 scrolls of magic mapping
 K - 6 scrolls of immolation
 O - 3 scrolls of fog
 R - a scroll of enchant weapon
 W - 4 scrolls of poison
Potions
 i - 4 potions of ambrosia
 k - a potion of resistance
 l - 7 potions of brilliance
 t - 7 potions of might
 x - 4 potions of cancellation
 y - 8 potions of heal wounds
 B - 6 potions of curing
 F - a potion of mutation
 I - 5 potions of invisibility
 Z - a potion of magic
Miscellaneous
 v - a box of beasts


   Skills:
 - Level 12.0 Fighting
 - Level 4.0 Ranged Weapons
 - Level 12.0 Armour
 - Level 9.0 Dodging
 - Level 2.4 Stealth
 - Level 16.0 Shields
 * Level 14.7 Spellcasting
 - Level 6.0 Conjurations
 * Level 14.8 Necromancy
 - Level 2.0 Transmutations
 * Level 15.8 Earth Magic


You had 20 spell levels left.
You knew the following spells:

 Your Spells              Type           Power      Damage    Failure   Level
a - Borgnjor's Vile Clut  Necr/Erth      46%        N/A       1%          5
c - Stone Arrow           Conj/Erth      100%       3d13      1%          3
d - Vampiric Draining     Necr           90%        2d12      1%          3
e - Necromutation         Tmut/Necr      35%        N/A       100%        8
f - Passwall              Tmut/Erth      59%        N/A       1%          2
h - Dispel Undead         Necr           90%        3d29      1%          4
z - Sublimation of Blood  Necr           90%        N/A       1%          2

Your spell library contained the following spells:

 Spells                   Type           Power      Damage    Failure   Level
 Necrotise                Necr           100%       1d9       0%          1
 Sandblast                Erth           100%       2d20      0%          1
 Magic Dart               Conj           100%       1d8       1%          1
 Searing Ray              Conj           100%       2d8       1%          2
 Agony                    Necr           90%        N/A       1%          5
 Anguish                  Hex/Necr       33%        N/A       2%          4
 Sting                    Tmut/Pois      100%       1d8       3%          1
 Dazzling Flash           Conj/Hex       90%        N/A       4%          3
 Call Imp                 Summ           25%        N/A       8%          2
 Ensorcelled Hibernation  Hex/Ice        50%        N/A       8%          2
 Fulminant Prism          Conj/Hex       22%        3d13      14%         4
 Iskenderun's Mystic Bla  Conj/Tloc      45%        2d10      14%         4
 Inner Flame              Hex/Fire       25%        N/A       16%         3
 Summon Guardian Golem    Hex/Summ       25%        N/A       16%         3
 Cause Fear               Hex            12%        N/A       45%         4
 Olgreb's Toxic Radiance  Pois           25%        N/A       45%         4
 Freezing Cloud           Conj/Ice/Air   19%        6-21      52%         5
 Borgnjor's Revivificati  Necr           45%        N/A       61%         8
 Infestation              Necr           45%        N/A       61%         8
 Manifold Assault         Tloc           25%        N/A       80%         5
 Silence                  Hex/Air        12%        N/A       80%         5
 Haunt                    Necr/Summ      33%        N/A       91%         7
 Eringya's Noxious Bog    Tmut/Pois      15%        N/A       99%         6
 Summon Cactus Giant      Summ           12%        N/A       100%        6
 Ozocubu's Refrigeration  Ice            12%        4d10      100%        7
 Storm Form               Tmut/Air       15%        N/A       100%        7
 Discord                  Hex            12%        N/A       100%        8
 Ignition                 Fire           12%        3d6       100%        8
 Death's Door             Necr           45%        N/A       100%        9
 Dragon's Call            Summ           12%        N/A       100%        9
 Corpse Rot               Necr/Pois/Air  Unusable   N/A       N/A         4
 Blink                    Tloc           Unusable   N/A       N/A         2
 Swiftness                Air            Unusable   N/A       N/A         3
 Simulacrum               Ice/Necr       Unusable   N/A       N/A         6

Dungeon Overview and Level Annotations

Branches:
Dungeon (15/15)            Temple (1/1) D:5            Lair (5/5) D:10
  Swamp (4/4) Lair:3       Spider (4/4) Lair:3        Slime (0/5) Lair:5
    Orc (2/2) D:10            Elf (0/3) Orc:2        Vaults (0/5) D:14
 Depths (0/4) D:15         Bailey (visited)

Altars:
Ashenzari
Cheibriados
Dithmenos
Elyvilon
Fedhas
Gozag
Hepliaklqana
Kikubaaqudgha
Makhleb
Nemelex Xobeh
Okawaru
Qazlal
Ru
Sif Muna
Trog
Uskayaw
Vehumet
Wu Jian
Xom
Yredelemnul
Zin
The Shining One
Jiyva

Shops:
D:8 *   D:10 [[[=:   D:15 *   Orc:1 **   Orc:2 [(((

Portals:
Trove: D:14 (give +6 fire dragon scales)


Innate Abilities, Weirdness & Mutations

You cannot be hasted, slowed, berserked, paralysed or teleported.
You can dig through walls and to a lower floor.
You have a pair of large antennae on your head. (SInv)
Your four strong arms can wield two-handed weapons with a shield.
You have sharp fingernails.
Your mind is acute. (Int +4, Str/Dex -1)
Your natural rate of healing is unusually fast.


Message History

Confirm with . or Enter, or press ? or * to list all spells.
Aiming: Borgnjor's Vile Clutch (mildly dangerous; 1% risk of failure)
Press: ? - help, Shift-Dir - straight line, f - wolf spider, p - wolf spider
Aim: a wolf spider (100% to hit)
Zombie hands grab the wolf spider.
The zombie hands constrict the wolf spider!!
The zombie hands constrict the broodmother!!
The zombie hands constrict the wolf spider!
You feel extremely sick. You block the wolf spider's attack.
The wolf spider bites you but does no damage.
The wolf spider hits you but does no damage.
You block the wolf spider's attack. x2
The wolf spider bites you but does no damage.
The broodmother summons spiders!
The wolf spider hits you!
The wolf spider bites you but does no damage.
You completely miss the tarantella.
The zombie hands constrict the wolf spider!!
The zombie hands constrict the broodmother!!
The zombie hands constrict the wolf spider!!
You feel very sick. You block the wolf spider's attack.
The wolf spider bites you! You block the wolf spider's attack.
The wolf spider bites you! You block the wolf spider's attack.
The wolf spider bites you but does no damage.
The broodmother misses you.
The tarantella touches you but does no damage.
The wolf spider hits you!! You block the wolf spider's attack.
The wolf spider barely misses you. The wolf spider completely misses you.
The broodmother closely misses you.
The jumping spider leaps!
The tarantella touches you but does no damage.
The wolf spider hits you!!
You die...
Your body crumbles into a pile of gold.

### ##.## #### #...#
####.^## # #...#
##.s....## #####...#
##.○s@s...# ..##....#
##^^.^.s...##
...#^..####.^.........#
.......##.....^.......#
.......##.............##
......^###>^s..........#
.^....#####............#
......##^............^.##
.....^..#.####.......>..#


You could see a broodmother (clutched), 2 wolf spiders, a jumping spider
(summoned) and a tarantella (summoned).

Vanquished Creatures
  the Lernaean hydra (Swamp:4)
  The ghost of Brecoman the Martial Artist, an adept GnTm of Sif Muna (Swamp:4)
  Frances (D:14)
  2 thorn hunters
  An emperor scorpion (Spider:3)
  A ghost moth (Spider:3)
  A broodmother (Spider:3)
  3 eleionomae
  The ghost of Merkmiralles the Severer, a journeyman MiBe of Trog (D:14)
  The ghost of Irrohu the Grappler, a journeyman TrBe of Trog (D:12)
  4 bunyips
  3 dire elephants (Lair:5)
  5 entropy weavers (Spider:3)
  A spark wasp (Spider:2)
  A shambling mangrove (Swamp:3)
  An ettin (Orc:1)
  A yaktaur captain (D:15)
  Josephine (Orc:1)
  23 hydras
  Fannar (D:11)
  3 catoblepae
  2 vault guards (D:14)
  The ghost of jaiteiro the Geomancer, a journeyman DrEE of the Shining One (Orc:1)
  2 jorogumos
  12 two-headed ogres
  2 radroaches
  5 centaur warriors
  3 ghost crabs
  Erica (D:8)
  6 alligators
  A spectral dire elephant (Lair:5)
  9 death yaks
  4 orc high priests (Orc:2)
  Urug (D:11)
  Sonja (Lair:3)
  Nergalle (Orc:1)
  Lodul (D:11)
  A shadow wraith (D:14)
  A spectral death yak (Lair:5)
  4 pharaoh ants
  6 skeletal warriors
  6 spriggan druids
  A spectral anaconda (Lair:5)
  A glowing orange brain (D:8)
  An orb spider (Spider:1)
  A goliath frog (Swamp:3)
  A flayed ghost (D:14)
  3 wizards (D:15)
  8 swamp dragons
  A lindwurm (Lair:5)
  9 bog bodies
  5 necromancers
  An obsidian statue (Lair:5)
  A phantasmal warrior (D:14)
  An orc knight (Orc:2)
  The ghost of kalagan the Thaumaturge, a novice DECj of Sif Muna (D:8)
  A deep elf pyromancer (D:15)
  13 wolf spiders
  A cyclops (shapeshifter) (D:14)
  15 ugly things
  2 manticores
  An orc sorcerer (Orc:2)
  4 will-o-the-wisps
  8 cyclopes
  16 elephants
  2 centaur zombies (D:15)
  2 dire elephant zombies (Lair:5)
  A naga mage (D:15)
  An unseen horror (D:11)
  3 torpor snails
  A gargoyle (D:11)
  10 black mambas
  Maggie (D:8)
  2 rime drakes (Lair:4)
  9 cane toads
  A demonic crawler (Spider:2)
  8 komodo dragons
  3 freezing wraiths
  6 meliai
  A polar bear (Lair:4)
  5 trolls
  5 hornets
  2 tyrant leeches
  A hornet (shapeshifter) (D:15)
  22 blink frogs
  15 tarantellas
  Grinder (D:3)
  9 slime creatures
  16 spriggans
  14 jumping spiders
  12 culicivoras
  10 wyverns
  3 shadows
  9 humans (D:14)
  5 wraiths
  A fire elemental (Lair:5)
  2 fire bats (Lair:5)
  53 yaks
  2 neqoxecs (D:8)
  6 steam dragons
  2 vampire mosquitoes (D:12)
  4 basilisks
  32 redbacks
  3 wargs
  2 spectral cane toads (Lair:5)
  An acid dragon (D:11)
  18 swamp worms
  22 water moccasins
  2 black bears
  12 swamp drakes
  An ice beast (D:7)
  15 orc warriors
  21 ogres
  2 elephant skeletons (Lair:5)
  4 wolves (Lair:2)
  18 centaurs
  3 phantoms
  3 kobold brigands
  8 bullfrogs
  2 cane toad simulacra (Lair:5)
  3 necrophages
  3 wights (D:10)
  4 killer bees (D:10)
  2 electric eels (Lair:3)
  5 howler monkeys
  33 orc priests
  2 hounds
  3 jellies
  A gnoll bouda (D:5)
  Jessica (D:3)
  3 iguanas
  24 orc wizards
  A yak simulacrum (D:12)
  4 polar bear simulacra (D:12)
  A boggart skeleton (D:15)
  2 wolf simulacra (D:12)
  Robin (D:3)
  15 adders
  7 gnolls
  A gnoll (shapeshifter) (D:8)
  A shadow imp (D:6)
  A white imp (D:5)
  An ufetubus (D:6)
  A worm (D:4)
  A dart slug (D:4)
  58 orcs
  15 ball pythons
  3 bats
  13 endoplasms
  3 giant cockroaches
  12 goblins
  8 hobgoblins
  A quokka (D:3)
  A frilled lizard (shapeshifter) (D:8)
  4 frilled lizards
  16 kobolds
  5 rats
  4 river rat simulacra (D:12)
906 creatures vanquished.

Vanquished Creatures (others)
  2 spriggan druids (Swamp:1)
  A wolf spider (Spider:3)
  A human (D:14)
  2 orc wizards (Orc:2)
  28 foxfires
  25 fungi
  41 plants
  22 withered plants (Lair:5)
122 creatures vanquished.

Grand Total: 1028 creatures vanquished

Notes
Turn   | Place    | Note
-------+----------+-------------------------------------------
     0 | D:1      | DildoBatman the Formicid Conjurer began the quest for the
                  | Orb.
     0 | D:1      | Reached XP level 1. HP: 13/13 MP: 3/3
   102 | D:1      | Reached XP level 2. HP: 20/20 MP: 1/5
   107 | D:1      | Learned a level 2 spell: Searing Ray
   340 | D:1      | Reached skill level 1 in Armour
   531 | D:1      | Reached skill level 1 in Fighting
   531 | D:1      | Reached XP level 3. HP: 16/26 MP: 6/6
   630 | D:2      | Found a white marble altar of Elyvilon.
   880 | D:2      | Found a faded altar of an unknown god.
   943 | D:2      | Reached XP level 4. HP: 32/32 MP: 2/8
  1232 | D:2      | Got the Exposition on Convocation
  1451 | D:2      | Reached XP level 5. HP: 38/38 MP: 4/9
  2131 | D:3      | Found a hide-covered altar of Uskayaw.
  2235 | D:3      | Noticed Robin
  2388 | D:3      | Noticed Grinder
  2388 | D:3      | Found a stormy altar of Qazlal.
  2710 | D:4      | Reached skill level 1 in Shields
  2710 | D:4      | Reached XP level 6. HP: 46/46 MP: 5/11
  2780 | D:4      | Found a bloodstained altar of Trog.
  3162 | D:3      | Noticed Jessica
  3285 | D:5      | Entered Level 5 of the Dungeon
  3315 | D:5      | Noticed a water moccasin
  3326 | D:5      | Killed a water moccasin
  3327 | D:5      | Reached skill level 2 in Shields
  3436 | D:5      | Found a staircase to the Ecumenical Temple.
  3443 | Temple   | Entered the Ecumenical Temple
  3558 | Temple   | Became a worshipper of Kikubaaqudgha
  3655 | D:3      | Killed Jessica
  3656 | D:3      | Reached XP level 7. HP: 52/52 MP: 8/12
  3934 | D:3      | Found a faded altar of an unknown god.
  4070 | D:3      | Reached * piety under Kikubaaqudgha
  4070 | D:3      | Received a gift from Kikubaaqudgha
  4071 | D:3      | Reached skill level 5 in Conjurations
  4073 | D:3      | Killed Robin
  4074 | D:3      | Reached skill level 3 in Shields
  4380 | D:3      | Killed Grinder
  4690 | D:5      | Reached skill level 5 in Spellcasting
  4690 | D:5      | Reached XP level 8. HP: 32/58 MP: 9/15
  5223 | D:5      | Reached ** piety under Kikubaaqudgha
  5402 | D:5      | Learned a level 2 spell: Sublimation of Blood
  5406 | D:5      | Learned a level 3 spell: Vampiric Draining
  5661 | D:6      | Reached skill level 1 in Necromancy
  5661 | D:6      | Reached XP level 9. HP: 42/64 MP: 12/19
  6656 | D:7      | Found a flagged portal.
  6810 | D:7      | Reached skill level 5 in Fighting
  6810 | D:7      | Reached skill level 5 in Armour
  6822 | D:7      | Reached skill level 5 in Necromancy
  6859 | D:7      | Learned a level 2 spell: Passwall
  6916 | D:7      | Reached *** piety under Kikubaaqudgha
  6916 | D:7      | Received a gift from Kikubaaqudgha
  6917 | D:7      | Reached skill level 1 in Earth Magic
  6924 | D:7      | Learned a level 5 spell: Borgnjor's Vile Clutch
  6929 | D:7      | Learned a level 4 spell: Dispel Undead
  6980 | Bailey   | Entered a bailey
  7006 | Bailey   | Reached skill level 1 in Transmutations
  7007 | Bailey   | Reached XP level 10. HP: 67/71 MP: 14/20
  7335 | Bailey   | Reached skill level 5 in Earth Magic
  7658 | Bailey   | Noticed a two-headed ogre
  7673 | Bailey   | Killed a two-headed ogre
  7768 | Bailey   | Identified the +6 battleaxe of Topikux {venom, Int+5}
  8202 | D:7      | Reached XP level 11. HP: 79/79 MP: 15/21
  8482 | D:8      | Noticed Maggie
  8489 | D:8      | Killed Maggie
  8522 | D:8      | Reached **** piety under Kikubaaqudgha
  8681 | D:8      | Found Radesups's General Store.
  8700 | D:8      | Found a shimmering blue altar of Sif Muna.
  8711 | D:8      | Noticed Erica
  8716 | D:8      | Killed Erica
  8844 | D:8      | Got the Opusculum on Venom and Gusts
  8907 | D:8      | Found a runed translucent gate.
  8908 | D:8      | Noticed a white ugly thing
  8908 | D:8      | Noticed a white ugly thing
  8908 | D:8      | Noticed a brown ugly thing
  8909 | D:8      | Found a runed translucent gate.
  8909 | D:8      | Noticed a red ugly thing
  8909 | D:8      | Noticed a glowing orange brain
  8910 | D:8      | Found a runed translucent gate.
  9411 | D:9      | Noticed a two-headed ogre
  9417 | D:9      | Killed a two-headed ogre
  9672 | D:9      | You fall into a shaft and drop 3 floors!
  9672 | D:12     | Found a runed translucent gate.
  9672 | D:12     | Found a runed translucent gate.
  9673 | D:12     | Found a runed translucent gate.
  9676 | D:12     | Noticed Irrohu's ghost (journeyman TrBe)
  9685 | D:12     | Killed Irrohu's ghost
  9737 | D:12     | Noticed a two-headed ogre
  9742 | D:12     | Killed a two-headed ogre
  9771 | D:12     | Identified the +4 robe of Kyeraq {rN+ Int+2}
  9788 | D:12     | Reached skill level 10 in Earth Magic
  9850 | D:12     | Noticed a necromancer
  9858 | D:12     | Killed a necromancer
  9919 | D:12     | Noticed a centaur warrior
  9935 | D:12     | Killed a centaur warrior
  9936 | D:12     | Reached skill level 10 in Necromancy
  9939 | D:12     | Noticed a seven-headed hydra
  9940 | D:12     | Reached XP level 12. HP: 20/86 MP: 6/24
 10027 | D:12     | Noticed a two-headed ogre
 10035 | D:12     | Killed a two-headed ogre
 10225 | D:12     | Killed a seven-headed hydra
 10512 | D:12     | Noticed a two-headed ogre
 10516 | D:12     | Killed a two-headed ogre
 10609 | D:12     | Noticed a five-headed hydra
 10610 | D:12     | Reached ***** piety under Kikubaaqudgha
 10616 | D:12     | Killed a five-headed hydra
 10833 | D:11     | Noticed Urug
 10839 | D:11     | Killed Urug
 11005 | D:11     | Noticed Lodul
 11013 | D:11     | Killed Lodul
 11080 | D:11     | Noticed Fannar
 11084 | D:11     | Killed Fannar
 11206 | D:11     | Reached skill level 4 in Shields
 11287 | D:11     | Reached XP level 13. HP: 48/93 MP: 9/25
 11678 | D:10     | Entered Level 10 of the Dungeon
 11733 | D:10     | Reached skill level 5 in Shields
 11753 | D:10     | Found a staircase to the Lair.
 11887 | D:10     | Found a transporter.
 11900 | D:10     | Found a transporter.
 11908 | D:10     | Found a transporter.
 11956 | D:10     | Found Laym's Armour Shop.
 11979 | D:10     | Found Ebesoh's Jewellery Emporium.
 12059 | D:10     | Found Yntefiz's Book Boutique.
 12133 | D:10     | Reached skill level 6 in Shields
 12181 | D:10     | Found a transporter.
 12318 | D:10     | Found a staircase to the Orcish Mines.
 12328 | D:10     | Found Nokhlasu's Antique Armour Emporium.
 12457 | D:9      | Reached skill level 5 in Dodging
 13056 | D:10     | Found Tielout's Antique Armour Boutique.
 13324 | Orc:1    | Entered Level 1 of the Orcish Mines
 13358 | Orc:1    | Found Nubymeo's General Store.
 13388 | Orc:1    | Found a transporter.
 13389 | Orc:1    | Found a transporter.
 13391 | Orc:1    | Noticed jaiteiro's ghost (journeyman DrEE)
 13392 | Orc:1    | Noticed an ettin
 13508 | Orc:1    | Found an iron altar of Okawaru.
 13551 | Orc:1    | Noticed Nergalle
 13557 | Orc:1    | Killed Nergalle
 13558 | Orc:1    | Reached skill level 7 in Shields
 13684 | Orc:2    | Entered Level 2 of the Orcish Mines
 13766 | Orc:1    | Found Imudeumn's Incredible Inventory.
 13801 | Orc:1    | Noticed Josephine
 13809 | Orc:1    | Killed Josephine
 13817 | Orc:1    | You fall into a shaft and drop 1 floor!
 13823 | Orc:2    | Reached ****** piety under Kikubaaqudgha
 13825 | Orc:2    | Found Wiracusm's Antique Weapon Shoppe.
 13830 | Orc:2    | Gained mutation: Potions are less effective at restoring
                  | your health. [potion of mutation]
 13830 | Orc:2    | Gained mutation: You are clumsy. (Dex -2) [potion of
                  | mutation]
 13832 | Orc:2    | Lost mutation: You are clumsy. (Dex -2) [potion of
                  | mutation]
 13832 | Orc:2    | Lost mutation: Potions are less effective at restoring your
                  | health. [potion of mutation]
 13832 | Orc:2    | Gained mutation: You are agile. (Dex +4, Str/Int -1)
                  | [potion of mutation]
 13832 | Orc:2    | Gained mutation: You have an increased reservoir of magic.
                  | (+10% MP) [potion of mutation]
 13832 | Orc:2    | Gained mutation: You have supernaturally acute eyesight.
                  | (SInv) [potion of mutation]
 13833 | Orc:2    | Reached XP level 14. HP: 22/104 MP: 16/30
 13847 | Orc:2    | HP: 7/157 [orc warrior/+0 short sword (5)]
 13940 | Orc:2    | Found Xuwnal's Antique Weapon Emporium.
 13943 | Orc:2    | Found Luf Doni's Weapon Shoppe.
 13943 | Orc:2    | Found Xabliez's Armour Emporium.
 13954 | Orc:2    | Found a staircase to the Elven Halls.
 13973 | Orc:1    | Received a gift from Kikubaaqudgha
 13974 | Orc:1    | Fell from the grace of Kikubaaqudgha
 14137 | Temple   | Became a worshipper of Gozag Ym Sagoz the Greedy
 14478 | Orc:2    | Reached skill level 8 in Shields
 15086 | Orc:1    | Reached skill level 10 in Spellcasting
 15162 | Orc:1    | Killed jaiteiro's ghost
 15582 | D:8      | Found a runed translucent gate.
 15582 | D:8      | Found a runed translucent gate.
 15585 | D:8      | Noticed kalagan's ghost (novice DECj)
 15587 | D:8      | Found a runed translucent gate.
 15602 | D:8      | Killed kalagan's ghost
 15603 | D:8      | Reached skill level 9 in Shields
 15605 | D:8      | Gained mutation: You occasionally shout uncontrollably at
                  | your foes. [a neqoxec]
 15627 | D:8      | Identified the +0 cloak "Ihant" {Will+}
 15744 | D:8      | Bought a potion of invisibility for 120 gold pieces
 15744 | D:8      | Bought a scroll of poison for 60 gold pieces
 15744 | D:8      | Bought a scroll of immolation for 60 gold pieces
 15878 | D:10     | Lost mutation: You have an increased reservoir of magic.
                  | (+10% MP) [potion of mutation]
 15878 | D:10     | Lost mutation: You are agile. (Dex +4, Str/Int -1) [potion
                  | of mutation]
 15878 | D:10     | Lost mutation: You have supernaturally acute eyesight.
                  | (SInv) [potion of mutation]
 15878 | D:10     | Gained mutation: You have large cloven feet. [potion of
                  | mutation]
 15878 | D:10     | Gained mutation: You have sharp fingernails. [potion of
                  | mutation]
 15878 | D:10     | Gained mutation: Your mind is acute. (Int +4, Str/Dex -1)
                  | [potion of mutation]
 15879 | D:10     | Lost mutation: You have large cloven feet. [potion of
                  | mutation]
 15879 | D:10     | Lost mutation: You occasionally shout uncontrollably at
                  | your foes. [potion of mutation]
 15879 | D:10     | Lost mutation: Your mind is acute. (Int +4, Str/Dex -1)
                  | [potion of mutation]
 15879 | D:10     | Gained mutation: Your natural rate of healing is unusually
                  | fast. [potion of mutation]
 15879 | D:10     | Gained mutation: Your mind is acute. (Int +4, Str/Dex -1)
                  | [potion of mutation]
 16471 | D:14     | Found a portal to a secret trove of treasure.
 16534 | D:14     | Reached skill level 10 in Shields
 16690 | D:14     | Reached skill level 11 in Shields
 16756 | D:14     | Found a runed translucent gate.
 16756 | D:14     | Found a runed translucent gate.
 16756 | D:14     | Found a runed translucent gate.
 16758 | D:14     | Noticed Merkmiralles's ghost (journeyman MiBe)
 16776 | D:14     | Killed Merkmiralles's ghost
 16777 | D:14     | Reached skill level 12 in Shields
 16876 | D:14     | Identified the +8 long sword of Xeuc Bue {vorpal, rC+ Dex+4
                  | Stlth+}
 17007 | D:14     | Reached XP level 15. HP: 112/112 MP: 19/29
 17031 | D:14     | Identified the +11 trident of Incongruity {elec, rC+ rCorr
                  | Str+4}
 17107 | D:14     | Noticed Frances
 17120 | D:14     | Killed Frances
 17163 | D:14     | Reached skill level 13 in Shields
 17365 | D:14     | Reached skill level 14 in Shields
 17388 | D:14     | Found a gate to the Vaults.
 17424 | D:15     | Entered Level 15 of the Dungeon
 17477 | D:15     | Found Biah's Assorted Antiques.
 17548 | D:15     | Reached skill level 15 in Shields
 17609 | D:15     | Found a stormy altar of Qazlal.
 17663 | D:15     | Found a shadowy altar of Dithmenos.
 17699 | D:15     | Reached skill level 16 in Shields
 18281 | D:15     | Found a staircase to the Depths.
 18368 | D:15     | Bought a bubbling green potion for 29 gold pieces
 18481 | Lair:1   | Entered Level 1 of the Lair of Beasts
 18519 | Lair:1   | Found a sparkling altar of Nemelex Xobeh.
 19175 | Lair:2   | Identified the +8 dire flail of Instinct {protect, Int+4}
 19705 | Lair:2   | Reached XP level 16. HP: 121/121 MP: 20/31
 20180 | Lair:3   | Reached skill level 10 in Fighting
 20239 | Lair:3   | Reached skill level 10 in Armour
 20336 | Lair:3   | Found a staircase to the Swamp.
 20385 | Lair:3   | Noticed Sonja
 20387 | Lair:3   | Found a hole to the Spider Nest.
 20391 | Lair:3   | Killed Sonja
 20651 | Lair:3   | Identified the +3 scale mail of the Pink Corner {Harm rF+
                  | Int-3 SInv}
 21766 | Lair:5   | Entered Level 5 of the Lair of Beasts
 22320 | Lair:5   | Found a viscous altar of Jiyva.
 22320 | Lair:5   | Found a staircase to the Slime Pits.
 22698 | Lair:5   | Reached XP level 17. HP: 126/126 MP: 25/33
 22738 | Lair:5   | Got Kikubaaqudgh's Book of Left-Handed Secrets
 23082 | Swamp:1  | Entered Level 1 of the Swamp
 23382 | Swamp:1  | Noticed a thorn hunter
 23390 | Swamp:1  | Killed a thorn hunter
 23581 | Swamp:1  | Was forgiven by Kikubaaqudgha
 23685 | Swamp:2  | Noticed a thorn hunter
 23692 | Swamp:2  | Killed a thorn hunter
 23842 | Swamp:2  | Found the +3 woodcutter's axe {vorpal}
 23915 | Swamp:2  | Reached skill level 1 in Ranged Weapons
 24401 | Swamp:3  | Found the +12 glaive of Prune {vorpal}
 24562 | Swamp:3  | Reached XP level 18. HP: 140/140 MP: 16/35
 24837 | Swamp:4  | Entered Level 4 of the Swamp
 25060 | Swamp:4  | Noticed the 27-headed Lernaean hydra
 25082 | Swamp:4  | Killed the 27-headed Lernaean hydra
 25186 | Swamp:4  | Reached XP level 19. HP: 146/146 MP: 20/36
 25403 | Swamp:4  | Got a decaying rune of Zot
 25675 | Swamp:4  | Found a large runed translucent door.
 25675 | Swamp:4  | Found a large runed translucent door.
 25676 | Swamp:4  | Noticed Brecoman's ghost (adept GnTm)
 25690 | Swamp:4  | Killed Brecoman's ghost
 26226 | D:10     | Learned a level 8 spell: Necromutation
 26230 | D:10     | Learned a level 3 spell: Stone Arrow
 26298 | Spider:1 | Entered Level 1 of the Spider Nest
 27389 | Spider:2 | Reached skill level 15 in Earth Magic
 28576 | Spider:4 | Entered Level 4 of the Spider Nest
 28652 | Spider:3 | Mangled by a wolf spider

Illustrated notes

Levels and vault maps discovered:
D:1:      nzn_arrival_depleted_hourglass, layout_basic
D:2:      layout_basic, basic_altar, basic_ecumenical_altar
D:3:      layout_basic, nicolae_overflow_ecumenical_swirl,
          nicolae_uskayaw_dance_hall, minmay_snake_closets, uniq_jessica,
          uniq_robin, uniq_grinder
D:4:      layout_basic, mainiacjoe_overflow_small_starburst, skrybe_limestone_x
D:5:      layout_layer_cave, temple_fountains
D:6:      layout_loops_corners, feat_on_display
D:7:      layout_gridville, enter_bailey_8
D:8:      layout_layer_cave, nicolae_sif_muna_condensation,
          ploomutoo_gammafunk_ghost_potion_laboratory, serial_shops, shop,
          uniq_erica, uniq_maggie
D:9:      layout_roguey, minmay_misc_feat_diagonals, amethyst_killhole
D:10:     layout_loops_ring, minmay_lair_entry_grove, orc_0_dummy, serial_shops,
          nicolae_lakefront_shop, nicolae_diamond_shop, shop, shop,
          nicolae_inconvenience_store, chequers_serial_rivers_large_b,
          nicolae_transporter_circle
D:11:     layout_loops_ring, uniq_urug, uniq_lodul, uniq_fannar
D:12:     layout_small_grid, ebering_ghost_rock_garden, eino_house_with_fridge
D:13:     layout_small_grid
D:14:     layout_stronghold, ximxim_vaults_locker_room,
          gammafunk_ghost_spectres, hangedman_decor_peaks_small, enter_trove_2,
          kennysheep_four_rooms, uniq_frances
D:15:     grunt_enter_depths_magical_seal, layout_loops_ring, serial_shops,
          shop, hangedman_feature_mirror, dreamdust_mushroom_princess,
          minivault_24
Temple:   hc_temple_tempest_star
Lair:1:   layout_regular_city, basic_altar, serial_bayou_shore_a
Lair:2:   layout_loops_ring, grunt_megastairs_5
Lair:3:   layout_regular_city, nicolae_swamp_entry_splash_gauntlet,
          spider_nest_entry_web_field, serial_bayou_shore_b, lemuel_fruit_tree,
          grunt_megastairs_3, uniq_sonja
Lair:4:   layout_regular_city, infiniplex_staircase_pool
Lair:5:   due_jungle_book, layout_gridlike, dpeg_slime_entry_enclosed,
          dreamdust_deal_with_the_devil
Swamp:1:  layout_basic_swamp, hangedman_swamp_cone, swamp_pool5
Swamp:2:  layout_falls_marsh, evilmike_swamp_ruin_house_2
Swamp:3:  layout_basic_swamp, nicolae_swamp_some_circles,
          infiniplex_staircase_pool_2
Swamp:4:  swamp_old_school, layout_basic_swamp, ebering_ghost_disaster_area
Spider:1: layout_spider_delve
Spider:2: layout_spider_delve
Spider:3: layout_cave_pods
Spider:4: spider_rune_water
Orc:1:    layout_caves, serial_shops, shop_fountains, gammafunk_ghost_smash,
          nicolae_alphabet_shops, okawaru_metal_pillars_1_2, uniq_josephine,
          uniq_nergalle
Orc:2:    st_orc_mages, layout_caves

Skill      XL: |  1  2  3  4  5  6  7  8  9 10 11 12 13 14 15 16 17 18 19 |
---------------+----------------------------------------------------------+-----
Dodging        | 2 3 5 6 7 9 |  9.0
Armour         | 1 2 3 5 7 8 9 11 12 | 12.0
Fighting       | 1 2 3 5 7 8 9 11 12 | 12.0
Conjurations   | 4 5 6 |  6.0
Spellcasting   | 3 5 7 8 9 10 11 12 13 14 | 14.7
Shields        | 1 2 3 4 7 12 16 | 16.0
Necromancy     | 1 5 8 10 12 13 14 | 14.8
Earth Magic    | 1 7 10 12 13 14 15 | 15.8
Transmutations | 1 2 |  2.0
Ranged Weapons | 3 4 |  4.0
Stealth        | |  2.4

Action                   |  1- 3 |  4- 6 |  7- 9 | 10-12 | 13-15 | 16-18 | 19-21 || total
-------------------------+-------+-------+-------+-------+-------+-------+-------++-------
Melee: Whip              |    13 |       |       |       |       |       |       ||    13
       Punch             |     1 |       |       |       |       |       |       ||     1
       Spear             |       |     4 |       |       |       |       |       ||     4
       Dagger            |       |     2 |    77 |       |       |       |       ||    79
       Battleaxe         |       |       |       |    71 |   178 |       |       ||   249
       Trident           |       |       |       |       |   127 |       |       ||   127
       Dire flail        |       |       |       |       |    61 |   314 |   118 ||   493
       Glaive            |       |       |       |       |       |     5 |       ||     5
 Fire: Sling             |       |    46 |    72 |       |       |       |       ||   118
       Shortbow          |       |       |    11 |    28 |       |       |       ||    39
       Longbow           |       |       |       |    22 |    11 |       |       ||    33
       Arbalest          |       |       |       |       |       |    38 |    39 ||    77
Throw: Javelin           |       |       |       |       |       |     3 |       ||     3
 Cast: Magic Dart        |    38 |    52 |    11 |       |     5 |       |       ||   106
       Searing Ray       |     2 |    15 |    52 |    15 |     5 |     5 |       ||    94
       Borgnjor's Vile C |       |       |       |    58 |   153 |   244 |   139 ||   594
       Sublimation of Bl |       |       |       |    10 |    25 |     4 |     9 ||    48
       Dispel Undead     |       |       |       |    11 |    27 |    10 |     4 ||    52
       Vampiric Draining |       |       |       |     6 |    23 |       |     2 ||    31
Invok: Receive Forbidden |       |       |       |       |     1 |       |       ||     1
       Renounce Religion |       |       |       |       |     1 |       |       ||     1
 Abil: Dig               |       |       |     1 |     4 |     4 |     2 |     3 ||    14
Evoke: Box of beasts     |       |       |       |       |       |     1 |       ||     1
  Use: Scroll            |       |     6 |     4 |     1 |    13 |    12 |     1 ||    37
       Potion            |       |       |       |       |    13 |     1 |       ||    14
 Stab: Sleeping          |     2 |     1 |       |       |     2 |     1 |     1 ||     7
       Distracted        |       |       |       |       |       |     2 |     1 ||     3
Armor: Robe              |     2 |     3 |    32 |    26 |    18 |       |       ||    81
       Steam dragon scal |       |       |       |    27 |       |       |       ||    27
       Troll leather arm |       |       |       |       |   118 |   217 |    99 ||   434
       Skin              |       |       |       |       |    39 |       |       ||    39
Dodge: Dodged            |    10 |    15 |    82 |    81 |   304 |   265 |   109 ||   866
Block: Buckler           |       |       |    27 |    50 |   107 |       |       ||   184
       Tower shield      |       |       |       |       |   218 |   484 |   226 ||   928
